 Dungeon Crawl Stone Soup version 0.31-a0-1236-gaa9e43cceb (webtiles) character file.

Game seed: 15823158783052564680

145 machnette the Covered (level 5, -1/33 HPs)
             Began as a Gargoyle Fighter on Dec 15, 2023.
             Killed from afar by Natasha (7 damage)
             ... with a magic dart
             ... on level 3 of the Dungeon.
             The game lasted 00:13:07 (2052 turns).

machnette the Covered (Gargoyle Fighter)            Turns: 2052, Time: 00:13:08

Health: -1/33      AC:  9    Str: 22    XL:     5   Next: 27%
Magic:  5/5        EV: 10    Int:  8    God:
Gold:   134        SH:  4    Dex:  9    Spells: 4/4 levels left

rFire   . . .        h - +1 mace (holy)
rCold   + . .        c - +0 buckler
rNeg    + . .        b - +0 ring mail {rC+}
rPois   ∞            (no helmet)
rElec   +            (no cloak)
rCorr   .            (no gloves)
SInv    .            (no boots)
Will    .....        (no amulet) Stlth
                     (no ring)
HPRegen 0.25/turn    (no ring)
MPRegen 0.09/turn

%: no passive effects
@: no status effects
A: sickness immunity, AC +4, negative energy resistance 1, electricity
resistance, torment resistance 1, petrification resistance
a: no special abilities


You were on level 3 of the Dungeon.
You visited 1 branch of the dungeon, and saw 3 of its levels.

You collected 134 gold pieces.

Inventory:

Hand Weapons
 h - a +1 mace of holy wrath (weapon)
Missiles
 a - 2 boomerangs (quivered)
Armour
 b - a +0 ring mail of cold resistance (worn)
 c - a +0 buckler (worn)
Jewellery
 f - a ring of magical power
Scrolls
 e - 2 scrolls of noise
 g - 4 scrolls of identify
Potions
 d - 2 potions of might
 i - a potion of brilliance


   Skills:
 + Level 3.8 Fighting
 + Level 3.3 Maces & Flails
 + Level 0.2 Throwing
 + Level 4.2 Armour
 + Level 0.9 Dodging
 + Level 3.9 Shields


You had 4 spell levels left.
You didn't know any spells.
Your spell library was empty.

Dungeon Overview and Level Annotations

Branches:
Dungeon (3/15)

Altars:
Trog
Uskayaw
Wu Jian

Shops:
D:1 :

Annotations:
D:3 Natasha


Innate Abilities, Weirdness & Mutations

You are immune to sickness and miasma.
Your stone body is resilient. (AC +4)
You are immune to poison.
You resist negative energy. (rN+)
You are resistant to electric shocks. (rElec)
You are resistant to unholy torment.
You are immune to petrification.


Message History

You barely miss the ball python.
The ball python is moderately wounded.
The ball python barely misses you. x2; The ball python bites you.
The ball python barely misses you.
You closely miss the ball python.
The ball python is moderately wounded.
The ball python bites you but does no damage.
The ball python barely misses you.
The ball python bites you but does no damage.
The ball python closely misses you.
You hit the ball python.
You kill the ball python!
Natasha casts a spell at you.
The magic dart hits you but does no damage.
There is an open door here.
You closely miss Natasha. Natasha casts a spell at you.
The magic dart hits you but does no damage.
You closely miss Natasha. Natasha claws you.
Natasha claws you but does no damage.
You barely miss Natasha. Natasha casts a spell at you. The magic dart hits you.
You miss Natasha.
Natasha stares at you and mumbles some strange words.
The magic dart hits you!
You sock Natasha!
Natasha is severely wounded.
You block Natasha's attack.
You closely miss Natasha.
Natasha is severely wounded.
Natasha claws you!
* * * LOW HITPOINT WARNING * * *
Natasha claws you but does no damage.
You closely miss Natasha.
Natasha is severely wounded.
Natasha casts a spell at you. The magic dart hits you!
You die...
Natasha curls up and begins to purr.

##.## ... ...
... # #.# #
#.# # #h# #
##@## #
##...## #
##.....## ##
##.......##
.##
#.....†...#
..#
+$........♣♣.
.##
#...........P
[#
##.......#♣♣.
.# ##.....##


You could see Natasha.

Vanquished Creatures
  A hound (D:2)
  Natasha (D:3)
  An orc wizard (D:3)
  An adder (D:2)
  4 worms
  2 dart slugs
  3 orcs (D:3)
  8 ball pythons
  4 endoplasms
  2 giant cockroaches
  A hobgoblin (D:1)
  3 quokkas (D:1)
  2 bats (D:3)
  8 frilled lizards
  4 kobolds
45 creatures vanquished.

Notes
Turn   | Place    | Note
-------+----------+-------------------------------------------
     0 | D:1      | machnette the Gargoyle Fighter began the quest for the Orb.
     0 | D:1      | Reached XP level 1. HP: 14/14 MP: 1/1
    36 | D:1      | Reached XP level 2. HP: 6/19 MP: 2/2
   332 | D:1      | Found Deck's Vocational Training.
   809 | D:1      | Reached XP level 3. HP: 22/23 MP: 3/3
   840 | D:1      | Found a faded altar of an unknown god.
  1123 | D:2      | Reached skill level 4 in Armour
  1123 | D:2      | Reached XP level 4. HP: 29/29 MP: 4/4
  1507 | D:2      | You fall into a shaft and drop 1 floor!
  1508 | D:3      | Found a bloodstained altar of Trog.
  1702 | D:3      | Reached XP level 5. HP: 22/33 MP: 5/5
  1919 | D:3      | Found a hide-covered altar of Uskayaw.
  1919 | D:3      | Noticed Natasha
  1925 | D:3      | Killed Natasha
  2002 | D:3      | Found an ornate altar of the Wu Jian Council.
  2030 | D:3      | Noticed Natasha
  2052 | D:3      | Killed from afar by Natasha

Illustrated notes

Levels and vault maps discovered:
D:1:      eino_arrival_druids_welcome, layout_basic,
          chequers_ecumenical_altar_grove, nicolae_shop_vocational
D:2:      layout_loops_corners, minmay_small_reverse_x, uniq_robin
D:3:      layout_loops_corners, tso_altar, trog_three_pillars_becter,
          nicolae_uskayaw_dance_hall, mainiacjoe_overflow_catwalk_spiral,
          serial_forest, infiniplex_forest_lined_2, infiniplex_forest_3_way,
          infiniplex_forest_diagonal, infiniplex_forest_lined_2,
          infiniplex_forest_lined_corner, infiniplex_forest_straight_4,
          infiniplex_forest_lined_2, minmay_misc_feat_alley,
          wander_ebering_terrifying_dragon_lair, uniq_natasha

Skill      XL: |  1  2  3  4 |
---------------+-------------+-----
Armour         | 4 |  4.2
Maces & Flails | 3 |  3.3
Fighting       | |  3.8
Throwing       | |  0.2
Dodging        | |  0.9
Shields        | |  3.9

Action                     |  1- 3 |  4- 6 || total
---------------------------+-------+-------++-------
  Melee: Flail             |   117 |    29 ||   146
         Mace              |       |    66 ||    66
  Throw: Boomerang         |       |     2 ||     2
    Use: Scroll            |     2 |     3 ||     5
         Potion            |     1 |     3 ||     4
 Armour: Scale mail        |    94 |    42 ||   136
         Ring mail         |       |    21 ||    21
  Dodge: Dodged            |    55 |    29 ||    84
  Block: Buckler           |    32 |    19 ||    51

Table legend: (Time is in decaauts)
 A = Elapsed time spent in this place.
 B = Non-inter-level travel time spent in this place.
 C = Inter-level travel time spent in this place.
 D = Time resting spent in this place.
 E = Time spent auto-exploring this place.
 F = Levels seen in this place.
 G = Mean time per level.
                   A        B        C        D        E       F      G
               +--------+--------+--------+--------+--------+-----+--------+
         Total |   2114 |   2092 |     22 |     74 |   1432 |   3 |  704.7 |
       Dungeon |   2114 |   2092 |     22 |     74 |   1432 |   3 |  704.7 |
               +--------+--------+--------+--------+--------+-----+--------+

Top non-repeatable levels by time:
     D:1: 987 daAuts
     D:2: 564 daAuts
     D:3: 562 daAuts
